 Dungeon Crawl Stone Soup version 0.21-a0-151-ga4fe563 (webtiles) character file.

2433 tehllama the Digger (level 9, -9/51 HPs)
             Began as a Gargoyle Earth Elementalist on July 31, 2017.
             Mangled by an orc warrior
             ... wielding a +0 halberd
              (13 damage)
             ... in a bailey.
             The game lasted 00:15:42 (7263 turns).

tehllama the Digger (Gargoyle Earth Elementalist)   Turns: 7263, Time: 00:15:42

Health: -9/51      AC: 13    Str: 12    XL:     9   Next: 48%
Magic:  3/17       EV: 13    Int: 19    God:
Gold:   356        SH:  0    Dex: 10    Spells: 9/18 levels left

rFire    . . .     SeeInvis +   m - +0 whip (elec)
rCold    . . .     Gourm    .   (no shield)
rNeg     + + .     Faith    .   i - +1 animal skin
rPois    ∞         Spirit   .   w - +0 helmet
rElec    +         Reflect  .   r - +2 cloak
rCorr    .         Harm     .   (no gloves)
MR       .....                  (no boots)
Stlth    ++........             (no amulet)
HPRegen  0.17/turn              k - ring of positive energy
MPRegen  0.15/turn              E - ring of see invisible

@: no status effects
A: negative energy resistance 1, electricity resistance, unbreathing,
petrification resistance, rot immunity, AC +5
a: no special abilities


You were in a bailey.
You were not hungry.

You visited 2 branches of the dungeon, and saw 8 of its levels.
You also visited: Sewer and Bailey.

You collected 356 gold pieces.

Inventory:

Hand Weapons
 m - a +0 whip of electrocution (weapon)
 p - a +0 mace of draining
Missiles
 b - 121 stones (quivered)
Armour
 c - a +0 robe
 i - a +1 animal skin (worn)
 n - the +1 leather armour of Follow the Leader {rCorr Str+3 Int+2}
   (You found it on level 5 of the Dungeon)

   It affects your strength (+3).
   It affects your intelligence (+2).
   It protects you from acid and corrosion.
 r - a +2 cloak (worn)
 u - the +2 shield of Resistance {rF+ rC+ MR+}
   (You acquired it on level 7 of the Dungeon)

   It protects you from fire.
   It protects you from cold.
   It affects your resistance to hostile enchantments.
 w - a +0 helmet (worn)
 B - a +2 buckler
Jewellery
 k - a ring of positive energy (left hand)
 E - a ring of see invisible (right hand)
 G - an uncursed ring of ice {unknown}
Wands
 t - a wand of acid (1/15)
 z - a wand of lightning (0/15)
Scrolls
 h - 2 scrolls of remove curse
 l - a scroll of teleportation
 v - 2 scrolls of blinking
 C - 2 scrolls of enchant armour
 D - 2 scrolls of identify
 F - a scroll of fog
Potions
 a - 3 potions of curing
 f - 4 potions of agility
 g - 3 potions of haste
 j - 3 potions of flight
 s - 3 potions of heal wounds
 A - a potion of brilliance {unknown}
Books
 e - a book of Geomancy

   Spells                             Type                      Level
   a - Sandblast                      Earth                        1
   b - Passwall                       Transmutation/Earth          2
   c - Stone Arrow                    Conjuration/Earth            3
   d - Petrify                        Transmutation/Earth          4
   e - Lee's Rapid Deconstruction     Earth                        5
Comestibles
 d - 6 bread rations
 o - 2 meat rations
 q - a royal jelly
 x - 2 fruits


   Skills:
 + Level 3.5 Fighting
 + Level 3.3 Maces & Flails
 + Level 3.6 Armour
 + Level 3.3 Dodging
 - Level 2.1 Stealth
 + Level 5.4 Spellcasting
 + Level 5.9 Conjurations
   Level 0.7 Transmutations
 + Level 7.4 Earth Magic
 + Level 2.8 Evocations


You had 9 spell levels left.
You knew the following spells:

 Your Spells              Type           Power        Failure   Level  Hunger
a - Sandblast             Erth           ####..       1%          1    None
b - Stone Arrow           Conj/Erth      ####..       2%          3    ##.....
c - Lee's Rapid Deconstr  Erth           ####......   16%         5    #####..


Dungeon Overview and Level Annotations

Branches:
Dungeon (7/15)             Temple (1/1) D:4

Altars:
Ashenzari
Cheibriados
Dithmenos
Elyvilon
Fedhas
Gozag
Hepliaklqana
Kikubaaqudgha
Makhleb
Nemelex Xobeh
Okawaru
Ru
Sif Muna
Trog
Uskayaw
Wu Jian
Xom
Yredelemnul
Zin
The Shining One


Innate Abilities, Weirdness & Mutations

You are resistant to torment.
Your stone body is resilient. (AC +5)
You are immune to poison.
You resist negative energy. (rN+)
You are resistant to electric shocks. (rElec)
You can survive without breathing.
You are immune to petrification.
You are immune to rotting.


Message History

Aim: an orc knight, wielding a halberd and wearing a plate armour (unusually strong)
The bolt of acid misses the orc knight.
Evoking this partially-identified wand wasted a few charges.
The orc warrior completely misses you. The orc knight misses you.
The orc knight roars a battlecry!
The orc warrior goes into a battle-frenzy!
Evoke which item? (* to show all) (? for menu, Esc to quit)
Aiming: Corrosive Bolt (will waste charges)
Press: ? - help, Shift-Dir - straight line, f/p - orc knight
Aim: an orc knight, wielding a halberd and wearing a plate armour (unusually strong)
The bolt of acid misses the orc knight.
The bolt of acid hits the orc warrior.
The orc warrior is splashed with acid.
The acid corrodes the orc warrior!
The orc warrior is severely wounded.
Evoking this partially-identified wand wasted a few charges.
The orc warrior no longer looks unusually strong.
The orc warrior hits you from afar with a halberd!!!
Ouch! That really hurt!
* * * LOW HITPOINT WARNING * * *
The orc warrior hits you from afar with a halberd!
You die...

### ###### ##∩##
####
##.....##...##....
#..≈≈≈..#...#..≈≈≈
#.≈≈o≈≈.......≈≈o≈
'.≈.oo≈(o..o..≈ooo
#.≈≈o≈≈(o).o..≈≈o≈
#.o≈≈≈.o#..o#o.≈≈
##.....##@∩.# .
###### ##∩## ###


You could see 2 orc knights, 5 orc warriors and an orc.

Vanquished Creatures
  An orc warrior (Bailey)
  A phantom (D:6)
  2 ogres (D:6)
  5 centaurs
  A big kobold (Sewer)
  A bullfrog (D:5)
  A gnoll sergeant (D:6)
  A scorpion (D:5)
  9 killer bees (D:7)
  5 crimson imps
  An orc priest (D:5)
  2 centaur zombies (D:5)
  5 hounds
  3 jellies
  An orc wizard (D:3)
  Crazy Yiuf (D:4)
  Terence (D:2)
  2 iguanas
  4 worker ants
  Robin (D:4)
  4 gnolls
  A howler monkey skeleton (D:5)
  9 adders
  A river rat (Sewer)
  3 shadow imps
  An ooze (D:3)
  5 worms
  2 dart slugs
  5 leopard geckos
  12 orcs
  14 bats
  3 giant cockroaches
  13 goblins
  8 hobgoblins
  13 jackals
  2 quokkas
  2 ball pythons
  5 frilled lizards
  A jackal zombie (D:5)
  8 kobolds
  12 rats
  A fungus (D:4)
173 creatures vanquished.

Notes
Turn   | Place    | Note
-------+----------+-------------------------------------------
     0 | D:1      | tehllama the Gargoyle Earth Elementalist began the quest for the Orb.
     0 | D:1      | Reached XP level 1. HP: 10/10 MP: 3/3
   316 | D:1      | Reached XP level 2. HP: 14/15 MP: 0/5
   438 | D:1      | Reached skill level 4 in Earth Magic
   864 | D:1      | Reached XP level 3. HP: 11/19 MP: 7/7
   869 | D:1      | Learned a level 3 spell: Stone Arrow
  1293 | D:2      | Reached skill level 1 in Conjurations
  1564 | D:2      | Reached XP level 4. HP: 12/24 MP: 3/8
  2092 | D:2      | Noticed Terence
  2105 | D:2      | Killed Terence
  2303 | D:3      | Reached XP level 5. HP: 26/28 MP: 2/10
  2402 | D:3      | Found a faded altar of an unknown god.
  2656 | D:3      | Reached skill level 5 in Earth Magic
  2803 | D:3      | Found a hide-covered altar of Uskayaw.
  2803 | D:3      | Found an opulent altar of Gozag.
  2803 | D:3      | Found a bloodstained altar of Trog.
  2803 | D:3      | Found a deep blue altar of Sif Muna.
  3557 | D:4      | Found a glowing drain.
  3582 | Sewer    | Entered a sewer
  3713 | Sewer    | Noticed a big kobold
  3742 | Sewer    | Killed a big kobold
  3742 | Sewer    | Reached XP level 6. HP: 23/32 MP: 2/11
  3831 | Sewer    | Learned a level 5 spell: Lee's Rapid Deconstruction
  3845 | Sewer    | Found a glowing silver altar of Zin.
  4073 | D:4      | Found a shadowy altar of Dithmenos.
  4188 | D:4      | Found a runed door.
  4193 | D:4      | Noticed Crazy Yiuf
  4196 | D:4      | Killed Crazy Yiuf
  4543 | D:4      | Reached XP level 7. HP: 36/36 MP: 11/13
  4546 | D:4      | Reached skill level 6 in Earth Magic
  4590 | D:4      | Noticed Robin
  4601 | D:4      | Killed Robin
  4696 | D:4      | Found a staircase to the Ecumenical Temple.
  4702 | Temple   | Entered the Ecumenical Temple
  4811 | D:5      | Entered Level 5 of the Dungeon
  4849 | D:5      | Found a hazy altar of Hepliaklqana.
  4861 | D:5      | Got a fine leather armour
  4928 | D:5      | Reached skill level 1 in Fighting
  4928 | D:5      | Reached skill level 1 in Maces & Flails
  4939 | D:5      | Reached skill level 1 in Evocations
  4942 | D:5      | Reached skill level 1 in Armour
  4942 | D:5      | Reached XP level 8. HP: 30/43 MP: 2/15
  5154 | D:5      | Found a sacrificial altar of Ru.
  5299 | D:5      | Found a basalt altar of Yredelemnul.
  5477 | D:5      | Found an iron altar of Okawaru.
  5630 | D:5      | Reached skill level 5 in Spellcasting
  5704 | D:6      | Found a blossoming altar of Fedhas.
  5847 | D:6      | Reached skill level 5 in Conjurations
  5926 | D:6      | Identified the +1 leather armour of Follow the Leader {rCorr Str+3 Int+2} (You found it on level 5 of the Dungeon)
  6435 | D:6      | Reached skill level 7 in Earth Magic
  6435 | D:6      | Reached XP level 9. HP: 44/49 MP: 8/16
  6799 | D:7      | Identified a scroll of acquirement
  6872 | D:7      | Found a glowing silver altar of Zin.
  6872 | D:7      | Noticed an angel
  7092 | D:7      | Found a flagged portal.
  7186 | Bailey   | Entered a bailey
  7186 | Bailey   | Noticed an orc knight
  7187 | Bailey   | Noticed an orc knight
  7187 | Bailey   | Noticed an orc knight
  7251 | Bailey   | Noticed an orc knight
  7263 | Bailey   | Mangled by an orc warrior

Vault maps used:
D:1:      minmay_arrival_wavy_path
D:2:      uniq_terence
D:3:      chequers_temple_overflow_statue_of_worship, first_bread,
          chequers_ecumenical_altar_island
D:4:      marbit_many_paths, minmay_temple_entry_fiery,
          cheibrodos_sewer_entry_drain, minmay_misc_feat_five, st_stairs_12,
          minmay_tree_intersection, uniq_robin, uniq_crazy_yiuf_cottage
D:5:      lemuel_upstairs_altar, okawaru_altar_gauntlet_db,
          yredelemnul_altar_generic, nicolae_overflow_crystal_walls,
          nicolae_ru_path_of_blood
D:6:      fedhas_bush_and_centaur_altar, hangedman_decor_points,
          kennysheep_generic_room_8
D:7:      zin_angel, enter_bailey_2
Temple:   compressed_dpeg_circular_temple
Sewer:    sewer_kobolds
Bailey:   bailey_polearm_4, bailey

Skill      XL: |  1  2  3  4  5  6  7  8  9 |
---------------+----------------------------+-----
Earth Magic    | 4 5 6 7 |  7.4
Conjurations   | 1 2 3 4 5 |  5.9
Spellcasting   | 3 4 5 |  5.4
Fighting       | 1 2 3 |  3.5
Maces & Flails | 1 2 3 |  3.3
Evocations     | 1 2 |  2.8
Armour         | 1 2 3 |  3.6
Dodging        | 3 |  3.3
Stealth        | |  2.1
Transmutations | |  0.7

Action                   |  1- 3 |  4- 6 |  7- 9 || total
-------------------------+-------+-------+-------++-------
Melee: Unarmed           |    17 |       |       ||    17
       Mace              |    37 |       |       ||    37
       Whip              |    43 |   209 |   107 ||   359
 Cast: Sandblast         |    20 |    23 |    79 ||   122
       Stone Arrow       |       |    18 |    32 ||    50
Evoke: Wand              |       |       |     4 ||     4
  Use: Scroll            |       |     9 |    12 ||    21
       Potion            |       |       |     1 ||     1
 Stab: Sleeping          |     4 |     5 |     1 ||    10
  Eat: Chunk             |     2 |    12 |    10 ||    24
Armor: Robe              |    51 |    68 |     6 ||   125
       Animal skin       |       |       |    88 ||    88
Dodge: Dodged            |   110 |   147 |   140 ||   397
